 Dungeon Crawl Stone Soup version 0.30-a0-639-g3916f1956a (webtiles) character file.

Game seed: 16360286963300338077

880 Persephone the Cleaver (level 7, -1/57 HPs)
             Began as a Minotaur Berserker on Jan 15, 2023.
             Was a Priest of Trog.
             Slain by a steam dragon (8 damage)
             ... on level 6 of the Dungeon.
             The game lasted 00:12:58 (3279 turns).

Persephone the Cleaver (Minotaur Berserker)         Turns: 3279, Time: 00:12:59

Health: -1/57      AC: 12    Str: 24    XL:     7   Next: 75%
Magic:  6/6        EV:  9    Int:  4    God:    Trog [***...]
Gold:   290        SH:  0    Dex:  9    Spells: 6/6 levels left

rFire   . . .      SeeInvis .    y - +3 hand axe (heavy)
rCold   . . .      Faith    .    (no shield)
rNeg    . . .      Spirit   .    B - +0 chain mail
rPois   .          Reflect  .    (helmet restricted)
rElec   .          Harm     .    q - scarf {repulsion}
rCorr   .          Rampage  .    w - +0 pair of gloves
Will    .....                    h - +0 pair of boots Stlth
                                 (no amulet)
HPRegen 0.29/turn                (no ring)
MPRegen 0.10/turn                (no ring)

@: on berserk cooldown, slowed, repel missiles, very slow
A: horns 2, retaliatory headbutt
a: Renounce Religion, Berserk, Trog's Hand


You were on level 6 of the Dungeon.
You worshipped Trog.
Trog was most pleased with you.
You visited 1 branch of the dungeon, and saw 6 of its levels.

You collected 290 gold pieces.

Inventory:

Hand Weapons
 a - a +0 hand axe
 y - a +3 heavy hand axe (weapon)
Missiles
 d - 4 javelins
 k - 4 silver boomerangs (quivered)
Armour
 b - a +0 animal skin
 e - a +0 scale mail
 h - a +0 pair of boots (worn)
 q - a scarf of repulsion (worn)
 w - a +0 pair of gloves (worn)
 B - a +0 chain mail (worn)
Jewellery
 c - a ring of ice
 l - a ring of fire
Scrolls
 i - 4 scrolls of poison
 m - 2 scrolls of silence {unknown}
 n - a scroll of fog
 o - 4 scrolls of teleportation
 r - a scroll of noise {unknown}
 s - 2 scrolls of amnesia
 C - a scroll of blinking {unknown}
Potions
 f - a potion of invisibility
 g - a potion of berserk rage {unknown}
 j - a potion of haste {unknown}
 p - a potion of ambrosia {unknown}
 t - 5 potions of curing
 u - a potion of lignification {unknown}
 v - 2 potions of mutation
 x - a potion of magic {unknown}
 z - a potion of attraction {unknown}
 A - a potion of heal wounds {unknown}


   Skills:
 - Level 3.6 Fighting
 * Level 8.3 Axes
 + Level 5.7 Armour
 + Level 5.2 Dodging


You had 6 spell levels left.
You didn't know any spells.
Your spell library was empty.

Dungeon Overview and Level Annotations

Branches:
Dungeon (6/15)
 Temple: D:4-7

Altars:
Dithmenos
The Shining One

Shops:
D:1 (


Innate Abilities, Weirdness & Mutations

You have a pair of horns on your head.
You reflexively headbutt those who attack you in melee.


Message History

An orc comes into view. It is wielding a +0 club.
Things that are here:
a +0 club; a +0 scale mail; a scroll of fear You feel a strong urge to attack something.
The orc shouts!
You hear an angry hiss.
You completely miss the orc. Your headbutt misses the orc.
You are no longer berserk.
You are exhausted.
You feel yourself slow down. The orc hits you but does no damage.
You closely miss the orc. Your headbutt misses the orc.
Your punch misses the orc. The orc hits you but does no damage. x2
You slice the orc!!
You kill the orc!
Trog accepts your kill.
You barely miss the orc. The orc hits you but does no damage.
A steam dragon comes into view.
The orc barely misses you.
The steam dragon hisses angrily.
You slash the orc!
You kill the orc!
Trog accepts your kill. The steam dragon breathes steam at you.
The ball of steam hits you!
You hit the steam dragon. Your headbutt misses the steam dragon.
The steam dragon is lightly wounded.
You are engulfed in a cloud of scalding steam.
The steam dragon breathes steam at you. The ball of steam hits you!
* * * LOW HITPOINT WARNING * * *
The steam dragon bites you.
* * * LOW HITPOINT WARNING * * *
The steam dragon claws you but does no damage.
You slice the steam dragon!! Your headbutt misses the steam dragon.
The steam dragon is almost dead.
You are engulfed in a cloud of scalding steam.
* * * LOW HITPOINT WARNING * * *
The steam dragon bites you but does no damage.
The steam dragon claws you but does no damage.
The steam dragon bites you!
You die...

#.......####
#####......#
#.#.##.#
#.#..#.#
..##.#.# #
#####.#.# ?#
#.#.# ###.##.##
#.#.# #.D......
#.#.#####@#
#.#...?.ยง)#
#.######)....$o#
..# ##.....#..
#####.# #


You could see a steam dragon (catching breath).

Vanquished Creatures
  Edmund (D:5)
  An ice beast (D:5)
  A black bear (D:6)
  A centaur (D:6)
  A phantom (D:4)
  A bullfrog (D:6)
  A gnoll bouda (D:6)
  An orc wizard (D:3)
  Natasha (D:3)
  2 iguanas (D:5)
  Robin (D:3)
  4 adders
  8 gnolls
  3 ufetubi
  A worm (D:2)
  A dart slug (D:1)
  8 orcs
  5 bats
  8 endoplasms
  11 goblins
  9 hobgoblins
  12 kobolds
  2 quokkas
  7 ball pythons
  4 frilled lizards
  7 rats
102 creatures vanquished.

Notes
Turn   | Place    | Note
-------+----------+-------------------------------------------
     0 | D:1      | Persephone the Minotaur Berserker began the quest for the
                  | Orb.
     0 | D:1      | Reached XP level 1. HP: 19/19 MP: 0/0
   130 | D:1      | Reached skill level 4 in Axes
   152 | D:1      | Reached XP level 2. HP: 26/26 MP: 1/1
   259 | D:1      | Found a faded altar of an unknown god.
   381 | D:1      | Reached ** piety under Trog
   447 | D:1      | Found Caebav's Weapon Shoppe.
   731 | D:2      | Reached XP level 3. HP: 29/31 MP: 2/2
  1181 | D:2      | Reached XP level 4. HP: 39/39 MP: 3/3
  1211 | D:2      | Reached skill level 5 in Axes
  1388 | D:3      | Reached *** piety under Trog
  1555 | D:3      | Found a glowing golden altar of the Shining One.
  1555 | D:3      | Noticed Natasha
  1560 | D:3      | Killed Natasha
  1561 | D:3      | Reached XP level 5. HP: 39/45 MP: 4/4
  1653 | D:3      | Noticed Robin
  1666 | D:3      | Killed Robin
  1820 | D:3      | Found a shadowy altar of Dithmenos.
  2229 | D:4      | Noticed a phantom
  2235 | D:4      | Killed a phantom
  2236 | D:4      | Reached skill level 6 in Axes
  2334 | D:4      | Reached XP level 6. HP: 50/51 MP: 5/5
  2461 | D:5      | Entered Level 5 of the Dungeon
  2461 | D:5      | Noticed an ice beast
  2469 | D:5      | Killed an ice beast
  2597 | D:5      | Reached skill level 7 in Axes
  2678 | D:5      | Noticed Edmund
  2689 | D:5      | Killed Edmund
  2690 | D:5      | Reached skill level 5 in Armour
  2690 | D:5      | Reached XP level 7. HP: 25/57 MP: 6/6
  3261 | D:6      | Reached skill level 5 in Dodging
  3266 | D:6      | Reached skill level 8 in Axes
  3276 | D:6      | Noticed a steam dragon
  3279 | D:6      | Slain by a steam dragon

Illustrated notes

Levels and vault maps discovered:
D:1:      minmay_arrival_open_corners, layout_loops_ring, serial_shops,
          nicolae_shop_behind_doors, hellmonk_ecumenical_altar_run_dry
D:2:      minmay_inner_zag, layout_loops_ring
D:3:      layout_loops_cross, mainiacjoe_overflow_24_doors, tso_metal_star,
          hangedman_decor_clover_reticule, uniq_robin, uniq_natasha
D:4:      layout_rooms, minmay_misc_feat_hallway
D:5:      layout_rooms, uniq_edmund
D:6:      layout_loops_ring, uniq_sigmund, uniq_eustachio

Skill      XL: |  1  2  3  4  5  6  7 |
---------------+----------------------+-----
Axes           | 4 5 6 7 8 |  8.3
Armour         | 3 4 5 |  5.7
Dodging        | 3 4 5 |  5.2
Fighting       | |  3.6

Action                   |  1- 3 |  4- 6 |  7- 9 || total
-------------------------+-------+-------+-------++-------
Melee: Hand axe          |    53 |    73 |    23 ||   149
       Headbutt          |     2 |     7 |     1 ||    10
       Punch             |     1 |       |       ||     1
Throw: Boomerang         |    40 |    26 |       ||    66
       Javelin           |     6 |       |       ||     6
Invok: Berserk           |       |     4 |     2 ||     6
  Use: Scroll            |       |     9 |       ||     9
 Stab: Sleeping          |     1 |       |       ||     1
Armor: Animal skin       |     2 |       |       ||     2
       Scale mail        |    21 |    28 |       ||    49
       Chain mail        |       |    12 |    19 ||    31
Dodge: Dodged            |    36 |    48 |     9 ||    93

Table legend: (Time is in decaauts)
 A = Elapsed time spent in this place.
 B = Non-inter-level travel time spent in this place.
 C = Inter-level travel time spent in this place.
 D = Time resting spent in this place.
 E = Time spent auto-exploring this place.
 F = Levels seen in this place.
 G = Mean time per level.
                   A        B        C        D        E       F      G
               +--------+--------+--------+--------+--------+-----+--------+
         Total |   3379 |   3234 |    145 |     61 |   2555 |   6 |  563.2 |
       Dungeon |   3379 |   3234 |    145 |     61 |   2555 |   6 |  563.2 |
               +--------+--------+--------+--------+--------+-----+--------+

Top non-repeatable levels by time:
     D:1: 725 daAuts
     D:3: 703 daAuts
     D:2: 657 daAuts
     D:5: 654 daAuts
     D:4: 423 daAuts
     D:6: 215 daAuts
